 Dungeon Crawl Stone Soup version 0.20-a0-2-g2b0e13a (webtiles) character file.

25 dobroeutro the Ducker (level 2, -4/23 HPs)
             Began as a Demonspawn Gladiator on Oct 29, 2016.
             Killed from afar by an orc wizard (7 damage)
             ... with a puff of frost
             ... on level 4 of the Dungeon.
             The game lasted 00:01:17 (715 turns).

dobroeutro the Ducker (Demonspawn Gladiator)         Turns: 715, Time: 00:01:18

Health: -4/23      AC: 11    Str: 15    XL:     2   Next: 86%
Magic:  2/2        EV:  7    Int:  9    God:
Gold:   52         SH:  0    Dex: 13    Spells: 0 memorised, 1 level left

rFire  . . .     SeeInvis .     a - +0 quarterstaff
rCold  . . .     Gourm    .     k - +0 chain mail
rNeg   . . .     Faith    .     (shield currently unavailable)
rPois  .         Spirit   .     c - +0 helmet
rElec  .         Reflect  .     (no cloak)
rCorr  .         Harm     .     (no gloves)
MR     .....                    (no boots)
Stlth  ..........               (no amulet)
                                (no ring)
                                (no ring)

@: no status effects
A: icy blue scales 1
a: no special abilities


You were on level 4 of the Dungeon.
You were not hungry.

You visited 1 branch of the dungeon, and saw 3 of its levels.

You collected 52 gold pieces.

Inventory:

Hand Weapons
 a - a +0 quarterstaff (weapon)
 s - a +1 whip of electrocution
Missiles
 d - 3 throwing nets (quivered)
Armour
 c - a +0 helmet (worn)
 k - a +0 chain mail (worn)
Scrolls
 e - a scroll of noise {unknown}
 j - 2 scrolls of enchant weapon {unknown}
 n - 2 scrolls of remove curse {unknown}
 o - 2 scrolls of magic mapping {unknown}
 p - a scroll of teleportation {unknown}
Potions
 h - 2 potions of heal wounds {unknown}
 i - a potion of flight {unknown}
 l - 2 potions of lignification {unknown}
 m - a potion of cure mutation {unknown}
 q - a potion of degeneration {unknown}
 r - a potion of mutation {unknown}
Comestibles
 b - 4 fruits
 f - a bread ration
 g - a meat ration


   Skills:
 + Level 2.4 Fighting
 + Level 2.9 Staves
 - Level 1.7 Throwing
 + Level 1.1 Armour
 + Level 3.0 Dodging


You had one spell level left.
You didn't know any spells.

Dungeon Overview and Level Annotations

Branches:
Dungeon (2/15)

Altars:
Qazlal
Vehumet


Innate Abilities, Weirdness & Mutations

You are partially covered in icy blue scales. (AC +2)


Message History

You hear the slow rusting of a very distant drain.
The orc wizard hits you but does no damage.
You miss the orc wizard. The orc wizard casts a spell at you.
The puff of frost hits you!
* * * LOW HITPOINT WARNING * * *
Your chain mail prevents you from hitting the orc wizard.
The orc wizard looks encouraged for a moment.
An orc comes into view. It is wielding a short sword.
Your chain mail prevents you from hitting the orc wizard.
The orc shouts!
The orc wizard hits you but does no damage.
You barely miss the orc wizard.
The orc wizard hits you but does no damage.
You hit the orc wizard but do no damage.
The orc wizard hits you but does no damage.
You barely miss the orc wizard.
The orc wizard gestures at you while chanting.
The puff of frost hits you!
You die...

#.# ###.# #.# .... .
#.# #... . #.#
##...#. #.#
####.....#. #.#
#.........# #.#
#........#######.#
#......o..o@...#.#
#........#####.#.#
#.##........## #.#.#
#.....†./..#.## #.#.#
#.#####...###.###.#.#
##.#.#...##.#.#
####.........#
#....#.#.##
.......#.#.###.#


You could see an orc wizard and an orc.

Vanquished Creatures
  A worm (D:4)
  An orc (D:4)
  4 bats
  4 giant cockroaches
  3 goblins (D:1)
  4 hobgoblins
  A kobold (D:1)
  A frilled lizard (D:1)
  A rat (D:1)
20 creatures vanquished.

Notes
Turn   | Place    | Note
-------+----------+-------------------------------------------
     0 | D:1      | dobroeutro the Demonspawn Gladiator began the quest for the Orb.
     0 | D:1      | Reached XP level 1. HP: 16/16 MP: 1/1
   173 | D:1      | Gained mutation: You are partially covered in icy blue scales. (AC +2) [demonic ancestry]
   173 | D:1      | Reached XP level 2. HP: 20/22 MP: 2/2
   438 | D:1      | Reached skill level 1 in Armour
   525 | D:2      | Found a stormy altar of Qazlal.
   648 | D:2      | Found a faded altar of an unknown god.
   648 | D:2      | Found a faded altar of an unknown god.
   653 | D:2      | Found a radiant altar of Vehumet.
   657 | D:2      | Found a faded altar of an unknown god.
   657 | D:2      | You fall through a shaft for 2 floors!
   694 | D:4      | Reached skill level 3 in Dodging
   715 | D:4      | Killed from afar by an orc wizard

Vault maps used:
D:1:      minmay_arrival_four_houses
D:2:      chequers_temple_overflow_minitemple, grunt_qazlal_clouds
D:4:      brannock_xom_greatest_gift, kennysheep_mini_moat, portal_sewer_entry_f

Skill      XL: |  1  2 |
---------------+-------+-----
Armour         | 1 |  1.1
Dodging        | 3 |  3.0
Fighting       | |  2.4
Staves         | |  2.9
Throwing       | |  1.7

Action                   || total
-------------------------++-------
Melee: Quarterstaff      ||    60
Armor: Leather armour    ||     6
       Chain mail        ||    19
Dodge: Dodged            ||    28
